 Dungeon Crawl Stone Soup version 0.30-a0-632-g346586fe48 (webtiles) character file.

Game seed: 2432376522602545532

18382 wormed the Blocker (level 12, -11/96 HPs)
             Began as a Formicid Fighter on Jan 13, 2023.
             Was a High Priest of Ru.
             Mangled by a dire elephant (21 damage)
             ... on level 1 of the Lair of Beasts.
             The game lasted 00:19:39 (13378 turns).

wormed the Blocker (Formicid Fighter)              Turns: 13378, Time: 00:19:39

Health: -11/96     AC: 16    Str: 20    XL:     12   Next: 94%
Magic:  21/21      EV: 19    Int:  6    God:    Ru [*****.]
Gold:   832        SH: 18    Dex: 19    Spells: 11/11 levels left

rFire   . . .      SeeInvis +    r - +9 hand axe of Woe {heavy, rElec Will+ MP+9 Int-4}
rCold   . . .      Faith    .    u - +0 kite shield
rNeg    + . .      Spirit   .    E - +5 ring mail of the Old World {rElec rN+}
rPois   +          Reflect  +    (helmet unavailable)
rElec   +          Harm     .    (no cloak)
rCorr   .          Rampage  .    q - +0 pair of gloves
Will    +++..                    a - +1 pair of boots Stlth
                                 g - amulet of reflection
HPRegen 0.36/turn                I - ring of Activism {rPois EV+5 Dex+2 SInv}
MPRegen 0.17/turn                p - ring of willpower

@: unable to drink
A: permanent stasis, dig shafts and tunnels, antennae 3, inability to drink
after injury 2, no stealth, hated by all, unskilled 1, four strong arms
a: Dig, Shaft Self, Renounce Religion, Draw Out Power, Power Leap, Apocalypse


You were on level 1 of the Lair of Beasts.
You worshipped Ru.
Ru was extremely pleased with you.
You visited 3 branches of the dungeon, and saw 15 of its levels.

You collected 832 gold pieces.

Inventory:

Hand Weapons
 r - the +9 hand axe of Woe (weapon) {heavy, rElec Will+ MP+9 Int-4}
   (You took it off an orc on level 5 of the Dungeon)

   Int:       It affects your intelligence (-4).
   rElec:     It insulates you from electricity.
   MP:        It affects your magic capacity (+9).
   Will:      It increases your willpower.
Missiles
 A - 13 poisoned darts
 K - 2 throwing nets
Armour
 a - a +1 pair of boots (worn)
 h - a +0 tower shield
 q - a +0 pair of gloves (worn)
 u - a +0 kite shield (worn)
 E - the +5 ring mail of the Old World (worn) {rElec rN+}
   (You found it on level 8 of the Dungeon)

   rElec:     It insulates you from electricity.
   rN:        It protects you from negative energy.
Jewellery
 g - an amulet of reflection (around neck)
 k - an amulet of the acrobat
 p - a ring of willpower (right hand)
 y - a +5 ring of evasion
 D - a +6 ring of strength
 I - the ring of Activism (left hand) {rPois EV+5 Dex+2 SInv}
   (You found it on level 10 of the Dungeon)

   [ring of evasion]

   EV:        It affects your evasion (+5).
   Dex:       It affects your dexterity (+2).
   rPois:     It protects you from poison.
   SInv:      It lets you see invisible.
 J - a ring of fire
Wands
 b - a wand of roots (15)
 s - a wand of mindburst (30)
 F - a wand of acid (15)
Scrolls
 c - 2 scrolls of silence
 f - a scroll of magic mapping
 t - 3 scrolls of amnesia
 w - 2 scrolls of fear
 B - a scroll of enchant weapon
 H - 4 scrolls of identify
Potions
 d - 4 potions of heal wounds (quivered)
 e - a potion of resistance
 i - 2 potions of invisibility
 j - 3 potions of attraction
 l - 2 potions of flight
 m - 4 potions of brilliance
 n - 6 potions of curing
 o - 2 potions of lignification
 v - 5 potions of might
 x - 5 potions of ambrosia
 z - 3 potions of cancellation
 C - 2 potions of magic


   Skills:
 + Level 9.6 Fighting
 + Level 7.3(8.1) Axes
 - Level 5.4(7.2) Polearms
 + Level 9.6 Armour
 + Level 7.5 Dodging
 + Level 11.4 Shields


You had 11 spell levels left.
You didn't know any spells.
Your spell library contained the following spells:

 Spells                   Type           Power      Damage    Failure   Level
 Beastly Appendage        Tmut           0%         N/A       80%         1
 Foxfire                  Conj/Fire      0%         2x1d4     80%         1
 Wereblood                Tmut           0%         N/A       90%         2
 Ignite Poison            Fire/Tmut/Pois 0%         N/A       99%         3
 Kindle Blastsparks       Fire/Tloc/Air  0%         2d10      99%         3
 Spider Form              Tmut/Pois      0%         N/A       99%         3
 Vhi's Electric Charge    Tloc/Air       0%         N/A       99%         3
 Fulminant Prism          Conj/Hex       0%         3d5       100%        4
 Iskenderun's Mystic Bla  Conj/Tloc      0%         2d3       100%        4
 Sticky Flame             Conj/Fire      0%         2d3       100%        4
 Arcjolt                  Conj/Air       0%         1d10      100%        5
 Fireball                 Conj/Fire      0%         3d3       100%        5
 Freezing Cloud           Conj/Ice/Air   0%         6-21      100%        5
 Lee's Rapid Deconstruct  Erth           0%         3d4*      100%        5
 Yara's Violent Unravell  Hex/Tmut       0%         3d3       100%        5
 Starburst                Conj/Fire      0%         6d3       100%        6
 Enfeeble                 Hex            0%         N/A       100%        7
 Ignition                 Fire           0%         3d3       100%        8
 Maxwell's Capacitive Co  Air            0%         ∞         100%        8


Dungeon Overview and Level Annotations

Branches:
Dungeon (11/15)            Temple (1/1) D:4            Lair (3/5) D:8
 Spider (0/4) Lair:2
  Swamp: Lair:2-3    Shoals: Lair:2-3       Orc: D:9-12

Altars:
Cheibriados
Gozag
Kikubaaqudgha
Nemelex Xobeh
Qazlal
Ru
Sif Muna
Xom

Shops:
D:5 [   D:8 =

Portals:
Trove: D:10 (show abyssal rune of Zot)

Annotations:
D:7 2 transporters, bmack86's ghost, novice MiFi


Innate Abilities, Weirdness & Mutations

You cannot be hasted, slowed, berserked, paralysed or teleported.
You can dig through walls and to a lower floor.
You have a pair of large antennae on your head. (SInv)
You sometimes lose the ability to drink potions when taking damage.
You cannot be stealthy.
You are hated by all.
You are somewhat unskilled. (-1 Apt)
Your four strong arms can wield two-handed weapons with a shield.


Message History

The dire elephant is moderately wounded.
You slash the plant!
The plant begins to die.
You redirect the dire elephant's attack!
The dire elephant tramples itself but does no damage.
The dire elephant trunk-slaps itself but does no damage.
The dire elephant trumpets!
You slash the dire elephant!
The dire elephant is heavily wounded.
You hit the plant.
You redirect the dire elephant's attack!
The dire elephant tramples itself.
The dire elephant trunk-slaps itself.
The dire elephant trumpets!
The dire elephant is no longer blind.
A nearby plant withers and dies.
You block the dire elephant's attack. x2
You completely miss the dire elephant.
The dire elephant is heavily wounded.
You block the dire elephant's attack. The dire elephant trunk-slaps you.
You hit the dire elephant but do no damage.
The dire elephant is heavily wounded.
You block the dire elephant's attack. The dire elephant closely misses you.
You slash the dire elephant!
The dire elephant is heavily wounded.
You block the dire elephant's attack. x2
The dire elephant completely misses you. x2
You slash the dire elephant!
The dire elephant is severely wounded.
The dire elephant tramples you!!
You feel threatened and lose the ability to drink potions!
You hold your ground!
You block the dire elephant's attack.
You slash the dire elephant!
The dire elephant is almost dead.
The dire elephant tramples you!!
* * * LOW HITPOINT WARNING * * *
You stumble backwards!
The dire elephant tramples you!
* * * LOW HITPOINT WARNING * * *
You stumble backwards!
You hit the dire elephant.
The dire elephant is almost dead.
The dire elephant tramples you!!
You die...

.##
##...........##...........###
.#
#...........##............##
##
###P###.+#######.###.#######
###.#..## #.##### #.....#
#...# #..#### ##..## ##'###
##..###
#....#########.....###
#....'.Y@....#.....#.####
#....##....#.............
##..††#########.....##.###
#...'#### ##########
##...≈≈≈# ### ##...≈≈≈##
###.# #...Y~≈≈≈# .Y#S##
###...~≈≈# .{D#D# ##...≈≈#


You could see a dire elephant.

Vanquished Creatures
  A hydra (Lair:2)
  An anaconda (Lair:1)
  3 two-headed ogres
  A deep elf pyromancer (D:9)
  A cyclops (D:10)
  8 cane toads
  Joseph (D:8)
  A black mamba (Lair:1)
  An unseen horror (D:6)
  2 rime drakes (Lair:1)
  2 komodo dragons (Lair:2)
  4 trolls
  A queen bee (Lair:1)
  2 hornets
  3 culicivoras (Lair:2)
  2 jumping spiders (Lair:2)
  9 yaks
  A wraith (D:10)
  A redback (Lair:2)
  6 vampire mosquitoes
  A steam dragon (Lair:1)
  An acid dragon (D:9)
  4 water moccasins
  8 orc warriors
  3 black bears
  2 ice beasts
  2 sky beasts
  An ogre (D:5)
  5 wolves (Lair:2)
  A centaur (D:10)
  3 phantoms
  A kobold brigand (D:7)
  8 bullfrogs
  2 gnoll sergeants
  A necrophage (D:5)
  5 scorpions
  5 wights (D:7)
  19 killer bees
  An electric eel (Lair:1)
  3 howler monkeys
  5 hounds
  4 orc priests
  2 jellies
  7 orc wizards
  3 iguanas
  4 adders
  9 gnolls
  4 white imps
  2 worms
  2 dart slugs
  29 orcs
  7 endoplasms
  4 giant cockroaches
  9 goblins
  7 hobgoblins
  4 jackals (D:5)
  5 quokkas
  4 ball pythons
  7 bats
  4 frilled lizards
  13 kobolds
  5 rats
267 creatures vanquished.

Vanquished Creatures (others)
  A cane toad (Lair:2)
  A troll (D:9)
  A steam dragon (D:9)
  An orc (D:6)
  6 fungi
  10 plants
20 creatures vanquished.

Grand Total: 287 creatures vanquished

Notes
Turn   | Place    | Note
-------+----------+-------------------------------------------
     0 | D:1      | wormed the Formicid Fighter began the quest for the Orb.
     0 | D:1      | Reached XP level 1. HP: 18/18 MP: 1/1
   146 | D:1      | Reached XP level 2. HP: 24/24 MP: 2/2
   750 | D:2      | Reached XP level 3. HP: 29/29 MP: 3/3
  1385 | D:3      | Reached skill level 1 in Dodging
  1444 | D:3      | Reached XP level 4. HP: 32/36 MP: 4/4
  1860 | D:3      | Found a faded altar of an unknown god.
  2267 | D:4      | Noticed a black bear
  2317 | D:4      | Noticed a scorpion
  2326 | D:3      | Killed a scorpion
  2327 | D:3      | Reached XP level 5. HP: 28/42 MP: 5/5
  2485 | D:4      | Reached skill level 5 in Shields
  2485 | D:4      | Reached XP level 6. HP: 41/48 MP: 6/6
  2493 | D:4      | Found a staircase to the Ecumenical Temple.
  2502 | Temple   | Entered the Ecumenical Temple
  2542 | Temple   | Became a worshipper of Ru the Awakened
  2552 | D:4      | Killed a black bear
  2716 | D:4      | Reached XP level 7. HP: 41/55 MP: 7/7
  3398 | D:5      | Entered Level 5 of the Dungeon
  3901 | D:5      | Reached skill level 5 in Polearms
  3934 | D:5      | Reached skill level 5 in Armour
  3934 | D:5      | Reached skill level 6 in Shields
  3934 | D:5      | Reached XP level 8. HP: 52/61 MP: 8/8
  3952 | D:5      | Reached skill level 5 in Fighting
  4170 | D:5      | Gained mutation: You are hated by all. [Ru sacrifice]
  4170 | D:5      | Reached * piety under Ru
  4170 | D:5      | Reached ** piety under Ru
  4197 | D:5      | Identified the +9 hand axe of Woe {heavy, rElec Will+ MP+9
                  | Int-4}
  4483 | D:5      | Found Anluify's Armour Shoppe.
  4782 | D:6      | Noticed an unseen horror
  4785 | D:6      | Killed an unseen horror
  4786 | D:6      | Reached skill level 1 in Axes
  4786 | D:6      | Reached skill level 7 in Shields
  4786 | D:6      | Reached XP level 9. HP: 68/69 MP: 9/9
  4947 | D:6      | Found a snail-covered altar of Cheibriados.
  5299 | D:7      | Identified the +1 ring mail of the Merchant {MP+9 Str+5
                  | Int+4 Slay-3}
  5310 | D:7      | Identified the +3 robe of the End {-Cast *Corrode rElec
                  | Will++}
  5327 | D:7      | Found a transporter.
  5341 | D:7      | Noticed a moth of wrath
  5341 | D:7      | Noticed bmack86's ghost (novice MiFi)
  5354 | D:7      | Found a transporter.
  5489 | D:7      | Reached skill level 8 in Shields
  5939 | D:8      | Found Kihurer's One-of-a-Kind Rings.
  6158 | D:8      | Reached XP level 10. HP: 73/77 MP: 10/10
  6243 | D:8      | Found a sparkling altar of Nemelex Xobeh.
  6249 | D:8      | Found an ancient bone altar of Kikubaaqudgha.
  6252 | D:8      | Found a shimmering blue altar of Sif Muna.
  6283 | D:8      | Gained mutation: You occasionally lose the ability to drink
                  | potions when taking damage. [Ru sacrifice]
  6283 | D:8      | Gained mutation: You sometimes lose the ability to drink
                  | potions when taking damage. [Ru sacrifice]
  6283 | D:8      | Reached *** piety under Ru
  6303 | D:8      | Identified the +5 ring mail of the Old World {rElec rN+}
  6323 | D:8      | Noticed Joseph
  6337 | D:8      | Killed Joseph
  6338 | D:8      | Reached skill level 5 in Dodging
  6357 | D:8      | Found a flagged portal.
  6578 | D:8      | Found a staircase to the Lair.
  7033 | D:9      | Noticed a two-headed ogre
  7044 | D:9      | Killed a two-headed ogre
  7045 | D:9      | Reached skill level 9 in Shields
  7481 | D:9      | Noticed a two-headed ogre
  7491 | D:9      | Killed a two-headed ogre
  7492 | D:9      | Reached skill level 5 in Axes
  8107 | D:9      | Found a shimmering altar of Xom.
  8262 | D:9      | Noticed a deep elf pyromancer
  8267 | D:9      | Killed a deep elf pyromancer
  8268 | D:9      | Reached XP level 11. HP: 83/86 MP: 11/11
  8359 | D:9      | Reached skill level 10 in Shields
  8538 | D:10     | Entered Level 10 of the Dungeon
  8609 | D:10     | Noticed a cyclops
  8620 | D:10     | Killed a cyclops
  9011 | D:10     | Identified the ring of Activism {rPois EV+5 Dex+2 SInv}
  9073 | D:10     | Gained mutation: You cannot be stealthy. [Ru sacrifice]
  9073 | D:10     | Reached **** piety under Ru
  9078 | D:10     | Noticed a two-headed ogre
  9088 | D:10     | Killed a two-headed ogre
  9330 | D:10     | Found a portal to a secret trove of treasure.
 10147 | D:11     | Reached skill level 11 in Shields
 10281 | Lair:1   | Entered Level 1 of the Lair of Beasts
 10832 | Lair:1   | Reached XP level 12. HP: 87/95 MP: 12/12
 11025 | Lair:1   | Noticed a death yak
 11025 | Lair:1   | Noticed an anaconda
 11025 | Lair:1   | Noticed a dire elephant
 11026 | Lair:1   | Noticed a death yak
 11026 | Lair:1   | Noticed a five-headed hydra
 11045 | Lair:1   | You fall into a shaft and drop 1 floor!
 11471 | Lair:2   | Gained mutation: You are somewhat unskilled. (-1 Apt) [Ru
                  | sacrifice]
 11471 | Lair:2   | Reduced skill Polearms to level 5
 11471 | Lair:2   | Reduced skill Shields to level 10
 11471 | Lair:2   | Reached ***** piety under Ru
 11682 | Lair:2   | Noticed an eight-headed hydra
 11694 | Lair:2   | Killed a 15-headed hydra
 11695 | Lair:2   | Reached skill level 11 in Shields
 11977 | Lair:2   | Found a hole to the Spider Nest.
 13194 | Lair:1   | Killed an anaconda
 13378 | Lair:1   | Mangled by a dire elephant

Illustrated notes

Levels and vault maps discovered:
D:1:      minmay_arrival_checkered_box, layout_basic, minmay_pentomino_s2
D:2:      minmay_angry_zag, layout_loops_ring, kennysheep_generic_room_4
D:3:      corexii_shack_village, layout_basic, shapermc_ecumenical_altar_pompeii
D:4:      layout_rooms, minmay_temple_entry_antechambers, grunt_decor_arrowhead,
          serial_bayou_ford_a, minmay_hedge_maze
D:5:      layout_basic, serial_shops, kennysheep_little_box,
          minmay_fractal_squares_5
D:6:      layout_cave_pools, cheibriados_altar_1
D:7:      layout_basic, gammafunk_ghost_berserking_beasts,
          hangedman_abyss_or_decor_passed
D:8:      layout_cave_pods, grunt_temple_overflow_cloverleaf,
          grunt_lair_entry_orc_guard_hut, enter_bailey_5,
          nicolae_shop_unique_rings, chequers_mini_garden, supply_closet_lemuel,
          hangedman_abyss_or_decor_lesser_grid, uniq_joseph
D:9:      layout_stronghold, tgw_xom, guppyfry_early_elven_hall
D:10:     layout_long_grid, trove_entry_hex_spiral
D:11:     layout_roguey
Temple:   nicolae_temple_elliptical
Lair:1:   layout_roguey [special_room_bee], nicolae_lair_lakeside_cave,
          lemuel_fruit_tree, serial_bayou_shore_b
Lair:2:   layout_concentric_octagons, nicolae_spider_entry_tight_spaces,
          grunt_megastairs_2, infiniplex_staircase_pool_2
Lair:3:   layout_regular_city, swamp_mist_pool

Skill      XL: |  1  2  3  4  5  6  7  8  9 10 11 12 |
---------------+-------------------------------------+-----
Dodging        | 1 2 3 4 6 7 |  7.5
Polearms       | 3 4 5 6 5 |  5.4
Fighting       | 4 5 6 8 9 |  9.6
Armour         | 4 5 6 8 9 |  9.6
Shields        | 5 6 7 8 9 11 11 | 11.4
Axes           | 1 3 5 6 7 |  7.3

Action                   |  1- 3 |  4- 6 |  7- 9 | 10-12 || total
-------------------------+-------+-------+-------+-------++-------
Melee: Trident           |   102 |   130 |   123 |       ||   355
       Hand axe          |       |       |    98 |   416 ||   514
Throw: Dart              |       |       |       |    18 ||    18
Invok: Sacrifice Love    |       |       |     1 |       ||     1
       Draw Out Power    |       |       |       |     6 ||     6
       Sacrifice Drink   |       |       |       |     1 ||     1
       Sacrifice Stealth |       |       |       |     1 ||     1
       Sacrifice Skill   |       |       |       |     1 ||     1
 Abil: Dig               |       |       |       |     1 ||     1
       Shaft Self        |       |       |       |     1 ||     1
  Use: Scroll            |     2 |       |    11 |    16 ||    29
       Potion            |       |     1 |       |     1 ||     2
 Stab: Invisible         |       |       |       |     9 ||     9
       Distracted        |       |       |       |     2 ||     2
Armor: Scale mail        |    23 |    22 |       |       ||    45
       Chain mail        |       |    21 |    29 |       ||    50
       Ring mail         |       |       |    27 |   114 ||   141
Dodge: Dodged            |    26 |    39 |    98 |   360 ||   523
Block: Buckler           |    40 |    47 |   108 |    74 ||   269
       Reflection        |       |     1 |     1 |     8 ||    10
       Kite shield       |       |       |       |   424 ||   424

Table legend: (Time is in decaauts)
 A = Elapsed time spent in this place.
 B = Non-inter-level travel time spent in this place.
 C = Inter-level travel time spent in this place.
 D = Time resting spent in this place.
 E = Time spent auto-exploring this place.
 F = Levels seen in this place.
 G = Mean time per level.
                   A        B        C        D        E       F      G
               +--------+--------+--------+--------+--------+-----+--------+
         Total |  13686 |  12623 |   1063 |    100 |  10231 |  15 |  912.4 |
       Dungeon |  10444 |   9442 |   1002 |    100 |   7602 |  11 |  949.5 |
        Temple |     46 |     46 |      0 |      0 |     24 |   1 |   46.0 |
          Lair |   3195 |   3134 |     61 |      0 |   2605 |   3 | 1065.0 |
               +--------+--------+--------+--------+--------+-----+--------+

Top non-repeatable levels by time:
  Lair:2: 1983 daAuts
     D:9: 1560 daAuts
     D:5: 1338 daAuts
     D:8: 1260 daAuts
    D:10: 1212 daAuts
  Lair:1: 1210 daAuts
     D:3: 1122 daAuts
     D:2: 905 daAuts
     D:4: 832 daAuts
     D:7: 695 daAuts
     D:1: 542 daAuts
    D:11: 515 daAuts
     D:6: 458 daAuts
  Temple: 46 daAuts
  Lair:3: 1 daAuts
